 Dungeon Crawl Stone Soup version 0.25-a0-251-g572059c536 (webtiles) character file.

Game seed: 9143726281390634635, levelgen mode: classic

144 Borgoz the Skirmisher (level 5, 0/49 HPs)
             Began as a Gargoyle Fighter on Dec 4, 2019.
             Was an Initiate of Ashenzari.
             Killed from afar by an orc wizard (5 damage)
             ... with a puff of flame
             ... on level 3 of the Dungeon.
             The game lasted 00:03:42 (2206 turns).

Borgoz the Skirmisher (Gargoyle Fighter)            Turns: 2206, Time: 00:03:42

Health: 0/49       AC: 22    Str: 26    XL:     5   Next: 26%
Magic:  6/6        EV:  2    Int:  8    God:    Ashenzari [......]
Gold:   152        SH:  9    Dex:  9    Spells: 4/4 levels left

rFire    . . .     SeeInvis .   a - +0 long sword
rCold    . . .     Gourm    .   c - +0 shield
rNeg     + + +     Faith    .   (armour currently unavailable)
rPois    ∞         Spirit   .   (helmet currently unavailable)
rElec    .         Reflect  .   (cloak currently unavailable)
rCorr    .         Harm     .   (gloves currently unavailable)
MR       .....     NoTele   +   (boots currently unavailable)
Stlth    +.........             h - amulet of rage
HPRegen  0.16/turn              (no ring)
MPRegen  0.10/turn              (no ring)

@: mighty, tree-form (expiring)
A: negative energy resistance 1, petrification resistance, rot immunity, AC +4
a: Curse Item, Renounce Religion, Evoke Berserk Rage


You were on level 3 of the Dungeon.
You worshipped Ashenzari.
Ashenzari was noncommittal.
You were hungry.
You were a tree.
You visited 1 branch of the dungeon, and saw 3 of its levels.

You collected 152 gold pieces.

Inventory:

Hand Weapons
 a - a +0 long sword (weapon)
Armour
 b - a +0 scale mail (melded)
 c - a +0 shield (worn)
 i - a scarf of spirit shield (melded)
 r - a +0 pair of boots (melded)
Jewellery
 h - an amulet of rage (around neck)
Scrolls
 g - 2 scrolls of enchant weapon {unknown}
 n - a scroll of magic mapping
 o - a scroll of immolation {unknown}
 q - a scroll of fear
Potions
 d - a potion of might
 j - a potion of berserk rage {unknown}
 k - 2 potions of brilliance
 l - a potion of curing {unknown}
 m - 2 potions of agility {unknown}
Comestibles
 f - 6 rations
 p - 7 chunks of flesh


   Skills:
 + Level 4.1 Fighting
 * Level 3.3 Long Blades
 + Level 4.1 Armour
 - Level 3.2 Shields
 + Level 1.4 Evocations


You had 4 spell levels left.
You didn't know any spells.
Your spell library was empty.

Dungeon Overview and Level Annotations

Branches:
Dungeon (3/15)

Altars:
Ashenzari

Annotations:
D:3 1 runed translucent door, bmj180's ghost, amateur DrCj


Innate Abilities, Weirdness & Mutations

You are resistant to torment.
((Your stone body is resilient. (AC +4)))
You are immune to poison.
You resist negative energy. (rN+)
((You are resistant to electric shocks. (rElec)))
((You can survive without breathing.))
You are immune to petrification.
You are immune to rotting.


Message History

You block the orc's attack. You block the orc wizard's attack.
You barely miss the orc wizard.
The orc wizard is almost dead.
Your transformation is almost over.
You block the orc's attack. You block the orc wizard's attack.
The orc wizard hits you but does no damage.
The orc hits you but does no damage.
You miss the orc wizard.
The orc wizard is almost dead.
You block the orc wizard's attack. The orc hits you but does no damage.
You barely miss the orc wizard.
The orc wizard is almost dead.
The orc wizard gestures wildly while chanting.
The orc wizard seems to speed up.
You block the orc's attack.
The orc wizard hits you but does no damage.
You slash the orc!
You kill the orc!
The orc wizard points at you and mumbles some strange words.
The puff of flame hits you.
You die...

#...# ### .. .. #...#
#.. ..## #.####...#
#.. ...##..#⌠.#.'.#
#.. .......#.......
#..####....##.#......
#..{..#...#...#......
#.##)#...#...+..._[.
#.|♣o....#...#......
######.#.####.......
#.#....#o......
#...K..#⌠.##'##
####oS.#.##...#
###.o..#...#
###..#.... ##..#+##
#......


You could see an orc wizard.

Vanquished Creatures
  6 adders
  An ooze (D:1)
  A worm (D:2)
  2 dart slugs
  7 leopard geckos
  6 orcs (D:3)
  2 giant cockroaches
  4 hobgoblins (D:1)
  3 jackals (D:2)
  12 kobolds
  A quokka (D:2)
  8 bats
  8 frilled lizards
  5 goblins
  6 rats
72 creatures vanquished.

Notes
Turn   | Place    | Note
-------+----------+-------------------------------------------
     0 | D:1      | Borgoz the Gargoyle Fighter began the quest for the Orb.
     0 | D:1      | Reached XP level 1. HP: 14/14 MP: 1/1
   244 | D:1      | Reached XP level 2. HP: 17/19 MP: 2/2
   489 | D:1      | Reached XP level 3. HP: 21/23 MP: 3/3
  1240 | D:2      | Reached skill level 1 in Evocations
  1240 | D:2      | Reached XP level 4. HP: 25/29 MP: 2/4
  2005 | D:3      | Found a runed translucent door.
  2017 | D:3      | Noticed bmj180's ghost (amateur DrCj)
  2084 | D:3      | Reached XP level 5. HP: 31/33 MP: 3/5
  2130 | D:3      | Found a shattered altar of Ashenzari.
  2138 | D:3      | Became a worshipper of Ashenzari the Shackled
  2206 | D:3      | Killed from afar by an orc wizard

Levels and vault maps discovered:
D:1:      ncdulo_smallfort, layout_basic
D:2:      minmay_spotlight, layout_loops_ring, nicolae_overflow_hidden_temple,
          minmay_misc_feat_more_columns, minmay_tromino_v4_b
D:3:      layout_loops_cross, evilmike_ruin_ashenzari, ebering_ghost_sewer_f

Skill      XL: |  1  2  3  4 |
---------------+-------------+-----
Long Blades    | 2 3 |  3.3
Evocations     | 1 |  1.4
Fighting       | 4 |  4.1
Armour         | 4 |  4.1
Shields        | |  3.2

Action                   |  1- 3 |  4- 6 || total
-------------------------+-------+-------++-------
Melee: Long sword        |   145 |   140 ||   285
 Abil: Evoke Berserk Rag |       |     1 ||     1
  Use: Scroll            |     6 |       ||     6
       Potion            |       |     2 ||     2
  Eat: Chunk             |     1 |     4 ||     5
Armor: Scale mail        |   104 |    80 ||   184
       Skin              |       |    32 ||    32
Dodge: Dodged            |    55 |    61 ||   116
Block: Shield            |    90 |   109 ||   199
       Rpst.: Long sword |    20 |    27 ||    47

Table legend:
 A = Non-vault XP
 B = Vault XP
 C = Vault XP percentage of total XP
 D = Non-vault monster count
 E = Vault monster count
 F = Vault count percentage of total count
                 A         B        C        D         E       F
            +---------+---------+-------+---------+---------+-------
      Total |     185 |      21 |  10.2 |      66 |       6 |   8.3
            +---------+---------+-------+---------+---------+-------
        D:1 |      55 |       0 |   0.0 |      29 |       0 |   0.0
        D:2 |      54 |      21 |  28.0 |      17 |       6 |  26.1
        D:3 |      76 |       0 |   0.0 |      20 |       0 |   0.0
            +---------+---------+-------+---------+---------+-------
